[Event "Austrian Championship Girls-U14 2024"]
[Site "Fuerstenfeld"]
[Date "2024.06.01"]
[Round "6.4"]
[White "Wang, Yihan"]
[Black "Knittel-Templ, Paula"]
[Result "1-0"]
[ECO "C66"]
[WhiteElo "1516"]
[BlackElo "1599"]
[Annotator "NA RC"]
[PlyCount "171"]
[EventDate "2024.05.28"]
[EventType "swiss"]
[EventCountry "AUT"]
[SourceTitle "playchess.com"]
[Source "ChessBase"]
[SourceQuality "1"]
[TimeControl "5400+30"]

1. e4 e5 2. Nf3 Nc6 3. Bb5 d6 4. d3 Nf6 5. c3 Bd7 6. h3 h6 7. Nbd2 Be7 8. O-O O-O 9. Re1 a6 10. Ba4 Nh5 11. Nf1 Nf6 12. Ne3 Re8 13. Qe2 b5 14. Bc2 Qc8 15. Kh2 Rb8 16. a3 Nd8 17. d4 exd4 18. cxd4 c6 19. b3 Qc7 20. Kg1 Bf8 21. e5 dxe5 22. dxe5 Nd5 23. Qd3 g6 24. Nxd5 cxd5 25. Ra2 Bf5 26. Qd1 Qd7 27. Bxf5 gxf5 28. Rd2 Bg7 29. Rxd5 Qc6 30. Bf4 Ne6 31. Bh2 Red8 32. Rd6 Qc5 33. Qc1 Rbc8 34. Qxc5 Nxc5 35. b4 Rxd6 36. exd6 Nd7 37. Ne5 Bxe5 38. Bxe5 Re8 39. Bc3 Rxe1+ 40. Bxe1 f6 41. Bd2 h5 42. f3 Kf7 43. Kf2 Ke6 44. Bf4 Ne5 45. Bxe5 fxe5 46. d7 Kxd7 47. g3 Kd6 48. Ke3 Kd5 49. Kd3 e4+ 50. fxe4+ fxe4+ 51. Ke3 Ke5 52. g4 h4 53. g5 Kf5 54. g6 Kxg6 55. Kxe4 Kg5 56. Ke5 Kh6 57. Kf6 Kh5 58. Kf5 Kh6 59. Kg4 Kg6 60. Kxh4 Kh6 61. Kg4 Kg6 62. Kf4 Kh5 63. Ke5 Kh4 64. Kd6 Kxh3 65. Kc6 Kg3 66. Kb6 Kf3 67. Kxa6 Ke3 68. Kxb5 Kd4 69. a4 Kd5 70. Kb6 Kd6 71. a5 Kd7 72. Kb7 Kd6 73. a6 Kd5 74. a7 Kc4 75. a8=Q Kb5 76. Qa5+ Kc4 77. Kc6 Kb3 78. b5 Kc4 79. b6 Kd4 80. b7 Kc4 81. b8=R Kd3 82. Qe5 Kc2 83. Rd8 Kb3 84. Qc5 Ka4 85. Qb5+ Ka3 86. Ra8# 1-0

[Event "Austrian Championship Girls-U14 2024"]
[Site "Fuerstenfeld"]
[Date "2024.06.02"]
[Round "7.2"]
[White "Brunner, Josephina Akiko"]
[Black "Huber, Elisa"]
[Result "1-0"]
[ECO "C55"]
[WhiteElo "1744"]
[BlackElo "1633"]
[Annotator "NA RC"]
[PlyCount "109"]
[EventDate "2024.05.28"]
[EventType "swiss"]
[EventCountry "AUT"]
[SourceTitle "playchess.com"]
[Source "ChessBase"]
[SourceQuality "1"]
[TimeControl "5400+30"]

1. e4 e5 2. Bc4 Nf6 3. d3 Nc6 4. Nf3 Be7 5. O-O d6 6. c3 Bg4 7. h3 Bh5 8. Nbd2 h6 9. Qc2 g5 10. Nh2 Qc8 11. Re1 g4 12. h4 Nh7 13. g3 Rg8 14. Ndf1 Rg6 15. Be3 f5 16. exf5 Qxf5 17. Qd2 Qf8 18. d4 exd4 19. Bxd4 O-O-O 20. Bd3 Nxd4 21. Bxg6 Bxg6 22. Qxd4 h5 23. Qxa7 c5 24. Qa4 Qg7 25. Qc4 d5 26. Qe2 Bf6 27. Rad1 Bf7 28. Ne3 Be6 29. Nc4 Nf8 30. Nb6+ Kb8 31. Qb5 Be7 32. Qe2 Bf6 33. Na4 Be7 34. Qe5+ Qxe5 35. Rxe5 Ka7 36. b3 b5 37. Nb2 Bf6 38. Re2 Bxc3 39. Nd3 Kb6 40. Nf4 Bf7 41. Re7 d4 42. Rxf7 Ka5 43. Nd3 Nd7 44. Rf5 Kb6 45. Rxh5 c4 46. bxc4 bxc4 47. Nf4 Nc5 48. Rxc5 Kxc5 49. Ne6+ Kd6 50. Nxd8 d3 51. Nxg4 Bb4 52. Nf7+ Kc5 53. Nfe5 Kb5 54. Nxd3 cxd3 55. Rxd3 1-0

[Event "Austrian Championship Girls-U14 2024"]
[Site "Fuerstenfeld"]
[Date "2024.06.02"]
[Round "7.4"]
[White "Turdiyeva, Maryam"]
[Black "Wang, Yihan"]
[Result "1-0"]
[ECO "D37"]
[WhiteElo "1682"]
[BlackElo "1516"]
[Annotator "NA RC"]
[PlyCount "133"]
[EventDate "2024.05.28"]
[EventType "swiss"]
[EventCountry "AUT"]
[SourceTitle "playchess.com"]
[Source "ChessBase"]
[SourceQuality "1"]
[TimeControl "5400+30"]

1. d4 d5 2. c4 e6 3. Nc3 Nf6 4. Nf3 Be7 5. Bf4 a6 6. e3 O-O 7. Be2 b6 8. O-O Bb7 9. Rc1 Nbd7 10. a3 c5 11. dxc5 bxc5 12. Qb3 Bc6 13. Rfd1 Qb6 14. Qxb6 Nxb6 15. cxd5 exd5 16. Ne5 Bb7 17. Bf3 Rac8 18. Bg5 Rc7 19. Bf4 Rcc8 20. Ng4 Rfd8 21. Nxf6+ Bxf6 22. Bg4 Rc6 23. Rc2 Bxc3 24. Rxc3 Bc8 25. Bf3 Be6 26. b4 c4 27. Rd4 Rdc8 28. e4 Rd8 29. Rc1 c3 30. exd5 Bxd5 31. Rd3 Rcc8 32. Rcxc3 Rxc3 33. Rxc3 Bxf3 34. gxf3 Nd5 35. Rd3 Kf8 36. Bg3 Ke7 37. Rd4 Nf6 38. Rxd8 Kxd8 39. Bh4 Kc7 40. Bxf6 gxf6 41. Kg2 Kc6 42. a4 Kd5 43. Kg3 Kc4 44. b5 axb5 45. axb5 Kxb5 46. Kf4 Kc6 47. Kf5 Kd7 48. Kxf6 Ke8 49. Kg7 h5 50. h4 Ke7 51. f4 Ke6 52. Kh6 Kf5 53. Kxh5 Kxf4 54. Kh6 Kg4 55. h5 Kh4 56. f3 f5 57. Kg6 f4 58. h6 Kg3 59. h7 Kxf3 60. h8=Q Ke2 61. Qe5+ Kf3 62. Kf5 Kg2 63. Qxf4 Kh3 64. Qg4+ Kh2 65. Kf4 Kh1 66. Kf3 Kh2 67. Qg2# 1-0